 Dungeon Crawl Stone Soup version 0.29-a0-870-g2c972031a6 (webtiles) character file.

Game seed: 16239338282622645497

64 nxtlvl the Cutter (level 3, -1/22 HPs)
             Began as a Deep Elf Monk on July 17, 2022.
             Was a Believer of Vehumet.
             Slain by an orc priest
             ... wielding a +0 dagger
              (3 damage)
             ... on level 3 of the Dungeon.
             The game lasted 00:08:49 (1166 turns).

nxtlvl the Cutter (Deep Elf Monk)                   Turns: 1166, Time: 00:08:50

Health: -1/22      AC:  4    Str:  5 (8)  XL:     3   Next: 91%
Magic:  6/6        EV: 12    Int: 15 (16) God:    Vehumet [**....]
Gold:   37         SH:  0    Dex: 16 (17) Spells: 2/3 levels left

rFire   . . .      SeeInvis .   a - +0 short sword
rCold   . . .      Faith    .   (no shield)
rNeg    . . .      Spirit   .   e - +0 leather armour
rPois   .          Reflect  .   (no helmet)
rElec   .          Harm     .   (no cloak)
rCorr   .          Rampage  .   p - +0 pair of gloves
Will    .....                   (no boots)
Stlth   ++........              (no amulet)
HPRegen 0.07/turn               (no ring)
MPRegen 0.10/turn               (no ring)

@: mighty
A: no striking features
a: Renounce Religion


You were on level 3 of the Dungeon.
You worshipped Vehumet.
Vehumet was pleased with you.
You visited 1 branch of the dungeon, and saw 3 of its levels.

You collected 37 gold pieces.

Inventory:

Hand Weapons
 a - a +0 short sword (weapon)
Missiles
 d - 44 stones (quivered)
 g - 2 poisoned darts
Armour
 b - a +0 robe
 e - a +0 leather armour (worn)
 p - a +0 pair of gloves (worn)
Scrolls
 c - a scroll of enchant armour {unknown}
 f - 5 scrolls of identify {unknown}
 h - a scroll of immolation {unknown}
 k - a scroll of silence {unknown}
 l - a scroll of poison {unknown}
 n - a scroll of acquirement {unknown}
 o - a scroll of torment {unknown}
Potions
 i - a potion of might
 m - a potion of mutation {unknown}


   Skills:
 - Level 2.4 Fighting
 + Level 4.4 Short Blades
 - Level 3.6 Dodging
 - Level 2.4 Stealth
 + Level 0.9 Spellcasting
 * Level 1.0 Conjurations
 * Level 1.0 Fire Magic


You had 2 spell levels left.
You knew the following spells:

 Your Spells              Type           Power      Damage    Failure   Level
z - Foxfire               Conj/Fire      12%        2x1d4     26%         1

Your spell library contained the following spells:

 Spells                   Type           Power      Damage    Failure   Level
 Poisonous Vapours        Pois/Air       0%         N/A       54%         2
 Call Canine Familiar     Summ           0%         N/A       77%         3
 Portal Projectile        Hex/Tloc       0%         N/A       77%         3
 Leda's Liquefaction      Hex/Erth       0%         N/A       99%         4


Dungeon Overview and Level Annotations

Branches:
Dungeon (3/15)

Altars:
Vehumet


Message History

You see here a +0 pair of gloves.
p - a +0 pair of gloves You start putting on your armour.
You continue putting on your +0 pair of gloves. x4
You finish putting on your +0 pair of gloves.
Okay, then.
You open the door.
There is an open door here.
As you open the door, it creaks loudly!
You hear a shout!
There is an open door here.
There is a stone staircase leading up here.
You aren't carrying any items that you can evoke.
Okay, then.
Okay, then.
You barely miss the orc priest. The orc priest barely misses you.
You hit the orc priest but do no damage.
The orc priest barely misses you.
You closely miss the orc priest. Your punch misses the orc priest.
The orc priest hits you with a +0 dagger.
You hit the orc priest but do no damage.
The orc priest closely misses you.
You hit the orc priest.
The orc priest is moderately wounded.
The orc priest hits you but does no damage.
You hit the orc priest but do no damage.
The orc priest is moderately wounded.
You hit the orc priest but do no damage.
The orc priest is moderately wounded.
The orc priest calls down the wrath of Beogh upon you.
Beogh smites you!
Ouch! That really hurt!
* * * LOW HITPOINT WARNING * * *
It was a potion of might.
You feel very mighty all of a sudden. The orc priest misses you.
It was a potion of degeneration.
There was something very wrong with that liquid.
You feel weakened.
You feel dopey.
You feel clumsy.
The orc priest hits you with a +0 dagger.
You die...

#............##..
#.........#####.. +##
####....#####†..## #..
#...........#..##
#..#...##....######.#.
+..+.# #......)>..###.
#..# #..###.####.##.
#..#####..# #.# #.#
+##'..@o..# #.# #.†
#..#####..#
..........# #..###
#..# ..####.###
###+###+..+.# #.......
.. .......#..#.###.#
#....
.......#..#.....# .
###'###...... #......#
.# ###.##.# .#


You could see an orc priest.

Vanquished Creatures
  An adder (D:2)
  4 dart slugs
  3 orcs (D:3)
  5 ball pythons
  2 bats
  A giant cockroach (D:1)
  2 goblins
  2 hobgoblins (D:2)
  2 quokkas (D:3)
  A frilled lizard (D:2)
  5 kobolds
  22 rats
50 creatures vanquished.

Vanquished Creatures (others)
  44 foxfires (D:3)
  3 fungi (D:2)
47 creatures vanquished.

Grand Total: 97 creatures vanquished

Notes
Turn   | Place    | Note
-------+----------+-------------------------------------------
     0 | D:1      | nxtlvl the Deep Elf Monk began the quest for the Orb.
     0 | D:1      | Reached XP level 1. HP: 13/13 MP: 3/3
   125 | D:1      | Reached XP level 2. HP: 18/18 MP: 4/4
   437 | D:2      | Reached skill level 4 in Short Blades
   445 | D:2      | Reached XP level 3. HP: 10/22 MP: 5/5
   471 | D:2      | Found a faded altar of an unknown god.
   697 | D:3      | Found a radiant altar of Vehumet.
   703 | D:3      | Became a worshipper of Vehumet
   703 | D:3      | Reached * piety under Vehumet
   703 | D:3      | Offered knowledge of Foxfire by Vehumet.
   703 | D:3      | Reached ** piety under Vehumet
   706 | D:3      | Learned a level 1 spell: Foxfire
   748 | D:3      | Offered knowledge of Poisonous Vapours by Vehumet.
  1028 | D:3      | Reached skill level 1 in Conjurations
  1035 | D:3      | Reached skill level 1 in Fire Magic
  1164 | D:3      | HP: 1/22 [orc priest/divine providence (15)]
  1166 | D:3      | Slain by an orc priest

Illustrated notes

Levels and vault maps discovered:
D:1:      lightli_arrival_maybe_door_vault, layout_loops_ring
D:2:      layout_loops_ring, shapermc_ecumenical_altar_acropolis,
          chequers_serial_rivers_micro_d
D:3:      layout_loops_ring, mainiacjoe_overflow_24_doors,
          mainiacjoe_overflow_swirl, grunt_decor_resistance, minmay_rat_hole

Skill      XL: |  1  2  3 |
---------------+----------+-----
Short Blades   | 4 |  4.4
Conjurations   | 1 |  1.0
Fire Magic     | 1 |  1.0
Fighting       | |  2.4
Dodging        | |  3.6
Stealth        | |  2.4
Spellcasting   | |  0.9

Action                   || total
-------------------------++-------
Melee: Short sword       ||   148
       Punch             ||     2
 Cast: Foxfire           ||    26
  Use: Potion            ||     3
 Stab: Sleeping          ||     3
Armor: Robe              ||     2
       Leather armour    ||    24
Dodge: Dodged            ||    84

Table legend: (Time is in decaauts)
 A = Elapsed time spent in this place.
 B = Non-inter-level travel time spent in this place.
 C = Inter-level travel time spent in this place.
 D = Time resting spent in this place.
 E = Time spent auto-exploring this place.
 F = Levels seen in this place.
 G = Mean time per level.
                   A        B        C        D        E       F      G
               +--------+--------+--------+--------+--------+-----+--------+
         Total |   1151 |   1151 |      0 |      0 |     53 |   3 |  383.7 |
       Dungeon |   1151 |   1151 |      0 |      0 |     53 |   3 |  383.7 |
               +--------+--------+--------+--------+--------+-----+--------+

Top non-repeatable levels by time:
     D:3: 509 daAuts
     D:2: 402 daAuts
     D:1: 239 daAuts
